 Dungeon Crawl Stone Soup version 0.28.0-47-ge53b351184 (webtiles) character file.

Game seed: 4870444047960469465

929 KamiKatze the Conjurer (level 8, -2/41 HPs)
             Began as an Octopode Conjurer on May 9, 2022.
             Was a Follower of Vehumet.
             Succumbed to a water moccasin's poison
             ... on level 5 of the Dungeon.
             The game lasted 00:17:58 (4487 turns).

KamiKatze the Conjurer (Octopode Conjurer)          Turns: 4487, Time: 00:18:00

Health: -2/41      AC:  1    Str:  6    XL:     8   Next: 11%
Magic:  4/14       EV: 13    Int: 22    God:    Vehumet [*.....]
Gold:   232        SH:  0    Dex: 11    Spells: 4/15 levels left

rFire   + . .      SeeInvis .   a - +3 short sword (venom)
rCold   . . .      Faith    .   (no shield)
rNeg    . . .      Spirit   .   (helmet restricted)
rPois   .          Reflect  .   (no amulet)
rElec   .          Harm     .   g - ring of resist corrosion
rCorr   +          Rampage  .   n - ring of protection from fire
Will    +....                   C - ring of wizardry
Stlth   +++.......              (no ring)
HPRegen 0.13/turn               (no ring)
MPRegen 0.14/turn               (no ring)
                                (no ring)
                                (no ring)

@: lethally poisoned (-2 -> -6), on berserk cooldown, attractive, slowed, very
slow
A: almost no armour, amphibious, 8 rings, camouflage 1, gelatinous body 1,
(nimble swimmer 1), tentacles, frail 1, strong-willed 1, subdued magic 1
a: Renounce Religion


You were on level 5 of the Dungeon.
You worshipped Vehumet.
Vehumet was aware of your devotion.
You visited 2 branches of the dungeon, and saw 7 of its levels.

You collected 232 gold pieces.

Inventory:

Hand Weapons
 a - a +3 short sword of venom (weapon)
Missiles
 e - 59 stones
 k - 4 poisoned darts (quivered)
 t - 3 atropa-tipped darts
 v - 3 curare-tipped darts
Armour
 s - a +0 buckler
Magical Staves
 l - a staff of cold
Jewellery
 g - a ring of resist corrosion (left tentacle)
 n - a ring of protection from fire (right tentacle)
 o - an amulet of faith
 C - a ring of wizardry (on tentacle)
Wands
 x - a wand of polymorph (7)
 B - a wand of flame (8)
Scrolls
 c - 4 scrolls of identify {unknown}
 d - a scroll of holy word {unknown}
 i - 2 scrolls of immolation {unknown}
 j - 2 scrolls of vulnerability {unknown}
 m - 4 scrolls of teleportation {unknown}
 u - a scroll of blinking {unknown}
 y - a scroll of magic mapping {unknown}
 z - a scroll of enchant armour {unknown}
Potions
 b - a potion of mutation
 f - a potion of attraction
 h - a potion of magic {unknown}
 p - a potion of cancellation {unknown}
 q - a potion of curing {unknown}
 r - a potion of brilliance {unknown}
 w - a potion of berserk rage
 A - a potion of heal wounds {unknown}
 D - 2 potions of flight {unknown}


   Skills:
 - Level 3.0 Dodging
 - Level 3.0 Stealth
 * Level 4.3 Spellcasting
 * Level 5.9 Conjurations
 * Level 4.0 Hexes
 * Level 4.0 Translocations


You had 4 spell levels left.
You knew the following spells:

 Your Spells              Type           Power      Damage    Failure   Level
a - Magic Dart            Conj           92%        1d7       1%          1
b - Searing Ray           Conj           46%        2d6       1%          2
c - Fulminant Prism       Conj/Hex       10%        3d9       4%          4
d - Iskenderun's Mystic   Conj/Tloc      20%        2d6       4%          4

Your spell library contained the following spells:

 Spells                   Type           Power      Damage    Failure   Level
 Freeze                   Ice            12%        1d4       3%          1
 Shock                    Conj/Air       52%        1d6       1%          1
 Slow                     Hex            68%        N/A       1%          1
 Confusing Touch          Hex            17%        N/A       1%          3
 Dazzling Flash           Conj/Hex       40%        N/A       1%          3
 Gell's Gravitas          Tloc           17%        N/A       1%          3
 Teleport Other           Tloc           17%        N/A       1%          3
 Pain                     Necr           12%        1d4       3%          1
 Sublimation of Blood     Necr           3%         N/A       5%          2
 Wereblood                Tmut           3%         N/A       5%          2
 Swiftness                Air            3%         N/A       12%         3
 Vampiric Draining        Necr           3%         2d6       12%         3
 Airstrike                Air            1%         N/A       34%         4
 Agony                    Necr           3%         N/A       69%         5
 Excruciating Wounds      Necr           1%         N/A       69%         5
 Dispersal                Tloc           8%         N/A       71%         6
 Summon Hydra             Summ           1%         N/A       100%        7


Dungeon Overview and Level Annotations

Branches:
Dungeon (6/15)             Temple (1/1) D:4

Altars:
Ashenzari
Cheibriados
Dithmenos
Elyvilon
Fedhas
Gozag
Hepliaklqana
Kikubaaqudgha
Makhleb
Nemelex Xobeh
Okawaru
Qazlal
Ru
Sif Muna
Trog
Uskayaw
Vehumet
Wu Jian
Xom
Yredelemnul
Zin
The Shining One


Innate Abilities, Weirdness & Mutations

You cannot wear most types of armour.
You are amphibious.
You can wear up to eight rings at the same time.
Your skin changes colour to match your surroundings (Stealth+).
Your rubbery body absorbs attacks. (AC +1, EV +1)
((You are camouflaged when in or above water. (Stealth+)))
You have tentacles for arms and can constrict up to eight enemies at once.
You are frail. (-10% HP)
You are strong-willed. (Will+)
Your spells are a little easier to cast, but a little less powerful.


Message History

Vehumet accepts your kill.
* * * LOW HITPOINT WARNING * * *
You feel very sick.
Your Hexes skill increases to level 4!
Your Translocations skill increases to level 4!
You have reached level 8!
It was a potion of mutation.
You feel extremely strange.
You feel frail.
Your connection to magic feels subdued.
You feel strong-willed.
* * * LOW HITPOINT WARNING * * *
You feel very sick.
Okay, then.
It was a potion of attraction.
You feel attractive to monsters.
* * * LOW HITPOINT WARNING * * *
You feel very sick.
It was a potion of berserk rage.
A red film seems to cover your vision as you go berserk!
You feel yourself moving faster!
You feel mighty!
* * * LOW HITPOINT WARNING * * *
You feel very sick.
You are too berserk!
You feel a strong urge to attack something.
* * * LOW HITPOINT WARNING * * *
You feel sick.
* * * LOW HITPOINT WARNING * * *
You feel sick.
You feel your anger nearly subside.
* * * LOW HITPOINT WARNING * * *
You feel sick.
There is a stone staircase leading up here.
You are too berserk!
You are too berserk!
Unknown command.
You are no longer berserk.
You are exhausted.
You feel yourself slow down.
* * * LOW HITPOINT WARNING * * *
You feel sick.
You climb upwards.
You die...

...### ##....# .#...#
#.....# .###.####
###.....#
.#......#####.....>.#
......#....##.##....#
#.....####..#.##....#
#..#.##
##.#.##.###########
.#.#.# #......#
#......# .#.#.##
#..##.@####......#
.#.#..##
#.###....##......#
##..#..# #.#
##.#.........#
##....# #.#
#.###.......# ###..##
#.# #.# ##......#
#...# #.# #.#
#......# ##..# #.#
#.# #......# #.<# #.#
##.# #......#
#..###.# #..#
###.####


There were no monsters in sight!

Vanquished Creatures
  2 water moccasins
  An ogre (D:3)
  A wyvern zombie (D:5)
  A water moccasin skeleton (D:6)
  A howler monkey (D:6)
  2 orc priests
  2 hounds (D:5)
  A bullfrog skeleton (D:5)
  A centaur skeleton (D:4)
  An iguana (D:5)
  Natasha (thrice) (D:3)
  2 orc wizards
  A hound skeleton (D:4)
  A howler monkey skeleton (D:5)
  3 adders
  A gnoll (D:1)
  A white imp (D:6)
  An adder skeleton (D:3)
  3 dart slugs (D:1)
  9 orcs
  2 ball pythons
  11 bats
  5 endoplasms
  2 giant cockroaches
  7 goblins
  6 hobgoblins
  8 jackals
  3 quokkas
  7 frilled lizards
  9 kobolds
  6 rats
  A spectral orc (D:4)
105 creatures vanquished.

Vanquished Creatures (others)
  2 fulminant prisms (D:4)
2 creatures vanquished.

Grand Total: 107 creatures vanquished

Notes
Turn   | Place    | Note
-------+----------+-------------------------------------------
     0 | D:1      | KamiKatze the Octopode Conjurer began the quest for the
                  | Orb.
     0 | D:1      | Reached XP level 1. HP: 11/11 MP: 3/3
   390 | D:1      | Reached XP level 2. HP: 17/17 MP: 3/5
   393 | D:1      | Learned a level 2 spell: Searing Ray
   503 | D:1      | Found a faded altar of an unknown god.
   886 | D:1      | Reached skill level 1 in Translocations
   886 | D:1      | Reached XP level 3. HP: 21/21 MP: 3/6
   919 | D:1      | Reached skill level 1 in Hexes
  1244 | D:2      | Reached XP level 4. HP: 23/27 MP: 1/7
  1422 | D:2      | Learned a level 4 spell: Fulminant Prism
  2009 | D:3      | Noticed an ogre
  2042 | D:3      | Killed an ogre
  2043 | D:3      | Reached XP level 5. HP: 15/31 MP: 0/9
  2214 | D:3      | Noticed Natasha
  2217 | D:3      | Killed Natasha
  2226 | D:3      | Reached XP level 6. HP: 36/36 MP: 5/10
  2408 | D:3      | Noticed Natasha
  2414 | D:3      | Killed Natasha
  2582 | D:3      | Noticed Natasha
  2587 | D:3      | Killed Natasha
  2625 | D:4      | Found a staircase to the Ecumenical Temple.
  2634 | Temple   | Entered the Ecumenical Temple
  2935 | Temple   | Became a worshipper of Vehumet
  2974 | D:4      | Learned a level 4 spell: Iskenderun's Mystic Blast
  3150 | D:4      | Found a basalt altar of Yredelemnul.
  3210 | D:4      | Identified the +2 leather armour of Wariness {Regen+ MP+9
                  | Int-5 SInv}
  3224 | D:4      | Reached skill level 5 in Conjurations
  3487 | D:5      | Entered Level 5 of the Dungeon
  3577 | D:5      | Reached XP level 7. HP: 18/41 MP: 3/12
  4362 | D:6      | Reached * piety under Vehumet
  4362 | D:6      | Offered knowledge of Freeze by Vehumet.
  4363 | D:6      | Noticed a skeletal warrior
  4480 | D:6      | Reached XP level 8. HP: 12/46 MP: 3/14
  4480 | D:6      | Gained mutation: You are frail. (-10% HP) [potion of
                  | mutation]
  4480 | D:6      | Gained mutation: Your spells are a little easier to cast,
                  | but a little less powerful. [potion of mutation]
  4480 | D:6      | Gained mutation: You are strong-willed. (Will+) [potion of
                  | mutation]
  4485 | D:6      | HP: 3/61 [poisoned by a water moccasin]
  4486 | D:6      | HP: 1/41 [poisoned by a water moccasin]
  4487 | D:5      | Succumbed to a water moccasin's poison

Illustrated notes

Levels and vault maps discovered:
D:1:      beargit_arrival_diablo_church, layout_rooms,
          hellmonk_ecumenical_altar_lost_god, kennysheep_boxes
D:2:      minmay_kobold_bridge, layout_loops_ring, minmay_cut_off
D:3:      layout_rooms, minmay_strange_pillars, uniq_natasha
D:4:      layout_cave_pools, yredelemnul_forgotten_temple_becter,
          minmay_temple_entry_large_hall
D:5:      layout_rooms
D:6:      layout_basic, nrook_uturn
Temple:   mainiacjoe_temple_trianglar_array

Skill      XL: |  1  2  3  4  5  6  7 |
---------------+----------------------+-----
Stealth        | 3 |  3.0
Translocations | 1 2 3 4 |  4.0
Hexes          | 1 2 3 4 |  4.0
Spellcasting   | 3 4 |  4.3
Conjurations   | 5 |  5.9
Dodging        | 3 |  3.0

Action                   |  1- 3 |  4- 6 |  7- 9 || total
-------------------------+-------+-------+-------++-------
Melee: Dagger            |    10 |       |       ||    10
       Constrict         |     3 |     3 |     1 ||     7
       Tentacles         |     1 |     1 |     1 ||     3
       Short sword       |       |     8 |     4 ||    12
 Cast: Magic Dart        |    46 |    67 |     7 ||   120
       Searing Ray       |     3 |    19 |    15 ||    37
       Fulminant Prism   |       |     2 |       ||     2
       Iskenderun's Myst |       |     1 |     2 ||     3
  Use: Potion            |       |       |     3 ||     3
 Stab: Sleeping          |       |     3 |       ||     3
Armor: Skin              |     2 |     1 |       ||     3
Dodge: Dodged            |    10 |    10 |     8 ||    28
